 Dungeon Crawl Stone Soup version 0.23-a0-650-ga4d50d4d25 (webtiles) character file.

201608 Napalmbreeze the Severer (level 17, 0/164 HPs)
             Began as a Deep Dwarf Fighter on Jan 4, 2019.
             Was the Champion of Makhleb.
             Killed from afar by a shock serpent (23 damage)
             ... with a bolt of electricity
             ... on level 2 of the Snake Pit.
             The game lasted 01:13:03 (25462 turns).

Napalmbreeze the Severer (Deep Dwarf Fighter)      Turns: 25462, Time: 01:13:04

Health: 0/164      AC: 20    Str: 26    XL:     17   Next: 91%
Magic:  16/16      EV:  5    Int: 14    God:    Makhleb [******]
Gold:   2460       SH: 17    Dex: 14    Spells: 20/20 levels left

rFire    + + .     SeeInvis +   q - +6 broad axe "Xistulo" {chop, Dex+2}
rCold    . . .     Gourm    .   c - +0 shield
rNeg     + . .     Faith    .   P - +1 plate armour {rF+}
rPois    +         Spirit   .   s - +0 helmet {SInv}
rElec    .         Reflect  +   W - scarf {cloud immunity}
rCorr    .         Harm     .   S - +0 pair of gloves
MR       +++..                  (no boots)
Stlth    ..........             K - +3 amulet of reflection
HPRegen  0.00/turn              Z - ring of the Middle {rF+ MR+ Int+4}
MPRegen  0.15/turn              V - ring of poison resistance

@: very slightly contaminated, non-regenerating, constricted
A: damage resistance, heal wounds, negative energy resistance 1, sense
surroundings 2, no regeneration
}: 1/15 runes: decaying
a: Heal Wounds, Minor Destruction, Lesser Servant of Makhleb, Major Destruction,
Greater Servant of Makhleb, Renounce Religion


You were on level 2 of the Snake Pit.
You worshipped Makhleb.
Makhleb was exalted by your worship.
You were hungry.

You visited 6 branches of the dungeon, and saw 30 of its levels.
You also visited: Bailey.

You collected 3341 gold pieces.
You spent 881 gold pieces at shops.

Inventory:

Hand Weapons
 k - a +0 hand axe of flaming
 q - the +6 broad axe "Xistulo" (weapon) {chop, Dex+2}
   (You acquired it on level 8 of the Dungeon)

   It inflicts extra damage upon your enemies.
   It affects your dexterity (+2).
Armour
 c - a +0 shield (worn)
 s - a +0 helmet of see invisible (worn)
 L - a +1 chain mail of cold resistance
 P - a +1 plate armour of fire resistance (worn)
 Q - a +0 large shield of poison resistance
 S - a +0 pair of gloves (worn)
 W - a scarf of cloud immunity (worn)
Jewellery
 e - an uncursed ring of flight
 I - an uncursed ring of protection from cold
 K - a +3 amulet of reflection (around neck)
 O - a +3 ring of slaying
 V - a ring of poison resistance (right hand)
 Z - the ring of the Middle (left hand) {rF+ MR+ Int+4}
   (You found it on level 4 of the Lair of Beasts)

   [ring of protection from magic]

   It affects your intelligence (+4).
   It protects you from fire.
   It affects your resistance to hostile enchantments.
Wands
 a - a wand of iceblast (14)
 B - a wand of disintegration (25)
 J - a wand of scattershot (9)
 R - a wand of acid (8)
Scrolls
 b - 3 scrolls of blinking
 h - a scroll of fog
 j - 13 scrolls of teleportation
 l - 7 scrolls of enchant weapon
 m - 13 scrolls of remove curse
 x - 5 scrolls of immolation
 y - 6 scrolls of enchant armour
 E - a scroll of torment
 F - 5 scrolls of magic mapping
 G - 4 scrolls of silence
 H - a scroll of identify
 M - 6 scrolls of fear
Potions
 d - 4 potions of might
 g - 11 potions of curing
 i - 5 potions of haste
 o - 3 potions of flight
 p - 3 potions of mutation
 r - 3 potions of lignification
 t - a potion of berserk rage
 u - 3 potions of invisibility
 v - 4 potions of cancellation
 z - 3 potions of ambrosia
 C - 5 potions of heal wounds
 D - 2 potions of magic
 U - 4 potions of agility
 X - 2 potions of resistance
Miscellaneous
 n - a phantom mirror
 A - a lamp of fire
Comestibles
 f - 49 rations


   Skills:
 + Level 13.2 Fighting
 - Level 18.0 Axes
 + Level 14.5 Armour
 + Level 14.5 Shields
 - Level 2.4 Spellcasting
 + Level 15.0 Invocations


You had 20 spell levels left.
You didn't know any spells.
Your spell library contained the following spells:

 Spells                   Type           Power        Failure   Level  Hunger
 Animate Skeleton         Necr           N/A          86%         1    #......
 Magic Dart               Conj           #...         86%         1    #......
 Pain                     Necr           #...         86%         1    #......
 Sandblast                Erth           #.....       86%         1    #......
 Shock                    Conj/Air       #...         86%         1    #......
 Sting                    Conj/Pois      #...         86%         1    #......
 Blink                    Tloc           N/A          95%         2    ###....
 Call Imp                 Summ           #.......     95%         2    ###....
 Ensorcelled Hibernation  Hex/Ice        #.....       95%         2    ###....
 Passwall                 Tmut/Erth      #.......     95%         2    ###....
 Poisonous Vapours        Pois/Air       #.....       95%         2    ###....
 Searing Ray              Conj           #.....       95%         2    ###....
 Slow                     Hex            #.......     95%         2    ###....
 Swiftness                Chrm/Air       #.......     95%         2    ###....
 Conjure Flame            Conj/Fire      #.......     99%         3    ###....
 Dazzling Spray           Conj/Hex       #.....       99%         3    ###....
 Ignite Poison            Fire/Tmut/Pois #.......     99%         3    ###....
 Mephitic Cloud           Conj/Pois/Air  #.......     99%         3    ###....
 Ozocubu's Armour         Chrm/Ice       #.......     99%         3    ###....
 Recall                   Summ/Tloc      N/A          99%         3    ###....
 Static Discharge         Conj/Air       #.......     99%         3    ###....
 Stone Arrow              Conj/Erth      #.....       99%         3    ###....
 Vampiric Draining        Necr           #.........   99%         3    ###....
 Airstrike                Air            #.........   100%        4    #####..
 Animate Dead             Necr           N/A          100%        4    #####..
 Cause Fear               Hex            #.........   100%        4    #####..
 Force Lance              Conj/Tloc      #.......     100%        4    #####..
 Fulminant Prism          Conj/Hex       #.........   100%        4    #####..
 Ice Form                 Ice/Tmut       #.......     100%        4    #####..
 Iskenderun's Mystic Bla  Conj           #.......     100%        4    #####..
 Olgreb's Toxic Radiance  Pois           #.......     100%        4    #####..
 Petrify                  Tmut/Erth      #.......     100%        4    #####..
 Borgnjor's Vile Clutch   Necr/Erth      #.........   100%        5    ######.
 Fireball                 Conj/Fire      #.........   100%        5    ######.
 Lee's Rapid Deconstruct  Erth           #.........   100%        5    ######.
 Lightning Bolt           Conj/Air       #.........   100%        5    ######.
 Metabolic Englaciation   Hex/Ice        #.........   100%        5    ######.
 Silence                  Hex/Air        #.........   100%        5    ######.
 Venom Bolt               Conj/Pois      #.........   100%        5    ######.
 Yara's Violent Unravell  Hex/Tmut       #.........   100%        5    ######.
 Bolt of Cold             Conj/Ice       #.........   100%        6    #######
 Bolt of Fire             Conj/Fire      #.........   100%        6    #######
 Death Channel            Necr           #.........   100%        6    #######
 Deflect Missiles         Chrm/Air       #.........   100%        6    #######
 Freezing Cloud           Conj/Ice/Air   #.........   100%        6    #######
 Ozocubu's Refrigeration  Ice            #.........   100%        6    #######
 Simulacrum               Ice/Necr       #.........   100%        6    #######
 Ring of Flames           Chrm/Fire      #.........   100%        7    #######
 Discord                  Hex            #.........   100%        8    #######
 Ignition                 Fire           #.........   100%        8    #######
 Regeneration             Chrm/Necr      Unusable     N/A         3    N/A

Dungeon Overview and Level Annotations

Branches:
Dungeon (15/15)            Temple (1/1) D:6            Lair (6/6) D:8
  Swamp (4/4) Lair:2        Snake (2/4) Lair:4        Slime (0/5) Lair:5
    Orc (2/2) D:9             Elf (0/3) Orc:2        Vaults (0/5) D:14
 Depths (0/5) D:15

Altars:
Ashenzari
Cheibriados
Dithmenos
Elyvilon
Fedhas
Gozag
Hepliaklqana
Kikubaaqudgha
Makhleb
Nemelex Xobeh
Okawaru
Qazlal
Ru
Sif Muna
Trog
Uskayaw
Vehumet
Wu Jian
Xom
Yredelemnul
Zin
The Shining One
Beogh
Jiyva

Shops:
D:10 [}   Orc:2 [(?}   Snake:1 =}=

Annotations:
Lair:1 2 transporters, Ocraneast's ghost, journeyman DrEE
Lair:5 1 runed door
Swamp:4 2 transporters, P0WERM0DE's ghost, journeyman DDFi


Innate Abilities, Weirdness & Mutations

You are resistant to damage.
You can heal yourself by infusing magical energy.
You resist negative energy. (rN+)
You passively map the area around you.
You do not regenerate.


Message History

The anaconda barely misses you. The anaconda constricts you.
The shock serpent shoots out a bolt of lightning at you!
The bolt of electricity hits you!
* * * LOW HITPOINT WARNING * * *
The bolt of electricity hits you!
* * * LOW HITPOINT WARNING * * *
The bolt of electricity hits the shock serpent.
The shock serpent completely resists.
The bolt of electricity hits the salamander.
You block the salamander's attack.
The salamander shoots an arrow.
You reflect the arrow off an invisible shield around you!
The arrow barely misses the salamander.
The anaconda bites you. The anaconda constricts you.
Unknown command.
You feel much better.
The shock serpent shoots out a bolt of lightning at you!
The bolt of electricity hits you!
* * * LOW HITPOINT WARNING * * *
The bolt of electricity hits you!
You die...

* * , * , , * *
##... , , , ,,
....+ , , , *#... ,
, , , , #...* , ,*
, #... * * *
##...##* * * *
*###.....####### *
......S@S......
,,,,
......SSS.......,
,,, , ,,
.....N..NN...... ,
* ,
.......N......^.,,
* ,
.........N...... ,
,,, ,,
......NNN...N... ,
,, *
####..†.†(<..... ,
,, *
*###....†.(..((.,*,
, ,
,,........<.8.<...
*


You could see 3 naga warriors, a naga sharpshooter, 3 salamanders, an anaconda,
2 shock serpents, 2 black mambas, a naga mage and a naga.

Vanquished Creatures
  A thorn hunter (Swamp:4)
  Kirke (Swamp:1)
  An orc warlord (Orc:2)
  Louise (Swamp:4)
  An ironheart preserver (D:14)
  A very ugly thing (Swamp:4)
  A stone giant (Orc:2)
  A dire elephant (Lair:6)
  2 ettins (Orc:1)
  The ghost of oberejnoburuli the Eclecticist, a journeyman DECj of Sif Muna (D:12)
  Erolcha (D:9)
  A rakshasa (D:15)
  A shambling mangrove (Swamp:4)
  4 naga warriors (Snake:1)
  2 ghost crabs
  20 hydras
  A catoblepas (D:14)
  6 alligators
  3 anacondas
  A merfolk avatar (Lair:6)
  4 centaur warriors
  5 two-headed ogres
  2 tengu warriors (D:15)
  3 naga sharpshooters (Snake:1)
  4 orc high priests
  3 shock serpents (Snake:1)
  8 spriggans
  A death drake (shapeshifter) (D:15)
  A spriggan druid (Swamp:2)
  A sea snake (Lair:6)
  5 skeletal warriors (D:13)
  12 swamp dragons
  2 unseen horrors
  An unseen horror (shapeshifter) (D:15)
  Pikel (D:8)
  A naga ritualist (Snake:1)
  An ugly thing (D:15)
  4 orc knights
  An orc sorcerer (Orc:2)
  7 mana vipers (Snake:1)
  A cyclops (Orc:2)
  3 salamanders (Snake:1)
  A deep elf mage (D:11)
  2 manticores
  3 naga magi (Snake:1)
  6 elephants
  14 black mambas
  Psyche (D:8)
  2 guardian serpents (Snake:1)
  12 spiny frogs
  2 gargoyles
  5 rime drakes (Lair:6)
  A komodo dragon (shapeshifter) (D:15)
  A kobold demonologist (D:15)
  A freezing wraith (D:15)
  10 komodo dragons
  3 yaktaurs (D:15)
  6 tyrant leeches
  16 hornets
  2 polar bears (Lair:6)
  9 trolls
  13 slime creatures
  10 hippogriffs
  13 blink frogs
  Prince Ribbit (Lair:2)
  5 bog bodies
  A centaur simulacrum (D:14)
  A spriggan (shapeshifter) (D:15)
  A wraith (D:14)
  3 water elementals
  A shadow (D:12)
  A yak (shapeshifter) (D:15)
  2 wyverns
  4 basilisks
  53 yaks
  A hungry ghost (D:8)
  2 hogs (Swamp:1)
  17 vampire mosquitoes
  3 wargs
  3 nagas
  9 swamp worms
  A soldier ant (shapeshifter) (D:15)
  15 insubstantial wisps
  3 acid dragons
  15 swamp drakes
  18 water moccasins
  12 porcupines
  2 black bears
  6 ice beasts
  7 sky beasts
  3 eyes of draining
  54 orc warriors
  A necrophage (D:14)
  3 phantoms
  4 boggarts (D:15)
  14 centaurs
  5 wolves (Lair:2)
  16 ogres
  15 crocodiles
  16 bullfrogs
  A gnoll sergeant (D:9)
  A water moccasin zombie (D:8)
  A hornet simulacrum (D:15)
  4 scorpions
  16 killer bees
  3 howler monkeys
  An electric eel (D:14)
  A bullfrog zombie (D:13)
  5 crimson imps
  3 jellies
  3 hounds
  A bullfrog skeleton (D:7)
  23 orc priests
  6 centaur skeletons
  2 gnoll shamans
  6 iguanas
  28 orc wizards
  16 hell rats
  14 worker ants
  A hound skeleton (D:8)
  A worker ant zombie (D:10)
  14 gnolls
  6 river rats (Lair:1)
  18 adders
  A shadow imp (D:7)
  12 white imps (Lair:2)
  2 oozes
  An adder zombie (D:6)
  2 worms
  4 dart slugs
  7 leopard geckos
  123 orcs
  8 giant cockroaches
  12 goblins
  11 hobgoblins
  7 jackals
  20 kobolds
  13 quokkas
  5 ball pythons
  7 bats
  7 frilled lizards
  A leopard gecko skeleton (D:7)
  20 rats
  A spectral orc (D:8)
  3 fungi
  2 plants
1017 creatures vanquished.

Vanquished Creatures (collateral kills)
  An orc warlord (Orc:1)
  A dire elephant (Lair:4)
  The ghost of Shaidar the Bludgeoner, a journeyman MiBe of Trog (Lair:4)
  2 hydras
  An alligator (Swamp:1)
  A two-headed ogre (D:13)
  A dancing weapon (D:8)
  The ghost of SpeedVeins the Cleaver, a novice MiFi of Makhleb (D:8)
  A harpy (Lair:6)
  A moth of wrath (Lair:4)
  A spiny frog (Lair:4)
  A polar bear (Lair:6)
  2 hornets
  2 tyrant leeches
  A hog (Swamp:1)
  3 swamp worms
  2 water moccasins (Lair:6)
  An orc warrior (Orc:1)
  An ogre (Orc:1)
  An orc wizard (Orc:1)
  2 orc priests (Orc:1)
  A hell rat (Lair:2)
  6 orcs
35 creatures vanquished.

Vanquished Creatures (others)
  A slave (D:8)
  A hound (D:11)
  A worker ant (D:4)
  4 orcs
  3 fungi
  3 plants
13 creatures vanquished.

Grand Total: 1065 creatures vanquished

Notes
Turn   | Place    | Note
-------+----------+-------------------------------------------
     0 | D:1      | Napalmbreeze the Deep Dwarf Fighter began the quest for the
                  | Orb.
     0 | D:1      | Reached XP level 1. HP: 20/20 MP: 1/1
    45 | D:1      | Reached XP level 2. HP: 22/27 MP: 2/2
   131 | D:1      | Reached skill level 3 in Axes
   160 | D:1      | Reached XP level 3. HP: 27/34 MP: 3/3
   412 | D:2      | Found a hide-covered altar of Uskayaw.
   550 | D:2      | Reached XP level 4. HP: 27/42 MP: 4/4
   842 | D:2      | Reached skill level 4 in Axes
   975 | D:3      | Reached XP level 5. HP: 29/49 MP: 5/5
  1539 | D:3      | Found an ancient bone altar of Kikubaaqudgha.
  1710 | D:4      | Reached XP level 6. HP: 25/56 MP: 6/6
  1781 | D:4      | Found a white marble altar of Elyvilon.
  1896 | D:4      | Reached skill level 5 in Axes
  1993 | D:4      | Reached XP level 7. HP: 19/64 MP: 6/6
  2069 | D:4      | Reached skill level 5 in Shields
  2182 | D:4      | Reached skill level 5 in Armour
  2481 | D:5      | Entered Level 5 of the Dungeon
  2501 | D:5      | Reached skill level 6 in Axes
  2845 | D:5      | Reached XP level 8. HP: 42/73 MP: 4/4
  2866 | D:5      | Reached skill level 7 in Axes
  3047 | D:5      | Reached skill level 5 in Fighting
  3422 | D:6      | Found a staircase to the Ecumenical Temple.
  3447 | Temple   | Entered the Ecumenical Temple
  3670 | D:6      | Reached skill level 8 in Axes
  4048 | D:6      | Reached skill level 1 in Spellcasting
  4048 | D:6      | Gained mutation: You passively map the area around you.
                  | [Deep Dwarf growth]
  4048 | D:6      | Reached XP level 9. HP: 60/81 MP: 5/5
  4506 | D:7      | Noticed a troll
  4649 | D:6      | Reached skill level 9 in Axes
  4854 | D:7      | Found a stormy altar of Qazlal.
  4871 | D:7      | Found a white marble altar of Elyvilon.
  5087 | D:7      | Found a shimmering altar of Xom.
  5170 | D:7      | Found a burning altar of Makhleb.
  5173 | D:7      | Became a worshipper of Makhleb the Destroyer
  5296 | D:7      | Found a sacrificial altar of Ru.
  5420 | D:8      | Found a runed door.
  5420 | D:8      | Found a shimmering altar of Xom.
  5420 | D:8      | Noticed SpeedVeins's ghost (novice MiFi)
  5420 | D:8      | Noticed a +0 war axe of chaos
  5458 | D:8      | Found a glowing golden altar of the Shining One.
  5470 | D:8      | Reached skill level 1 in Invocations
  5676 | D:8      | Noticed a two-headed ogre
  5775 | D:8      | Killed a two-headed ogre
  5775 | D:8      | Reached skill level 10 in Axes
  5775 | D:8      | Reached XP level 10. HP: 25/92 MP: 6/6
  5854 | D:8      | Found a staircase to the Lair.
  5870 | D:8      | Noticed Psyche
  5880 | D:8      | Killed Psyche
  6000 | D:8      | Noticed a two-headed ogre
  6040 | D:8      | Killed a two-headed ogre
  6158 | D:8      | Identified a scroll of acquirement
  6162 | D:8      | Got a transparent broad axe
  6163 | D:8      | Identified the +6 broad axe "Xistulo" {chop, Dex+2} (You
                  | acquired it on level 8 of the Dungeon)
  6187 | D:8      | Noticed Pikel
  6199 | D:8      | Killed Pikel
  6356 | D:8      | Found a basalt altar of Yredelemnul.
  6480 | D:8      | Reached skill level 11 in Axes
  6599 | D:8      | Found a bloodstained altar of Trog.
  6599 | D:8      | Found a hazy altar of Hepliaklqana.
  6619 | D:9      | Reached * piety under Makhleb
  6743 | D:9      | Reached XP level 11. HP: 38/100 MP: 6/6
  6746 | D:9      | Reached skill level 5 in Invocations
  6900 | D:9      | Found a roughly hewn altar of Beogh.
  6900 | D:9      | Found a staircase to the Orcish Mines.
  6919 | D:9      | Reached ** piety under Makhleb
  7032 | D:9      | Noticed Erolcha
  7226 | Lair:1   | Entered Level 1 of the Lair of Beasts
  7526 | Lair:1   | Found a transporter.
  7526 | Lair:1   | Noticed Ocraneast's ghost (journeyman DrEE)
  7538 | Lair:1   | Found a transporter.
  7646 | Lair:1   | Reached skill level 12 in Axes
  7850 | Lair:1   | Reached *** piety under Makhleb
  8578 | Lair:2   | Noticed Prince Ribbit
  8599 | Lair:2   | Killed Prince Ribbit
  8962 | Lair:1   | Got an iridescent dagger
  8963 | Lair:1   | Identified the +9 dagger of Okoy {drain, Int+5} (You found
                  | it on level 1 of the Lair of Beasts)
  9094 | Lair:2   | Noticed a seven-headed hydra
  9094 | Lair:2   | Noticed a five-headed hydra
  9133 | Lair:2   | Killed a seven-headed hydra
  9166 | Lair:2   | Killed a five-headed hydra
  9279 | Lair:2   | Reached **** piety under Makhleb
  9281 | Lair:2   | Reached XP level 12. HP: 110/110 MP: 8/8
  9885 | Lair:2   | Found a staircase to the Swamp.
  9921 | Lair:3   | Noticed an eight-headed hydra
  9970 | Lair:3   | Killed an eight-headed hydra
  9970 | Lair:3   | Reached skill level 13 in Axes
 10040 | Lair:3   | You fall through a shaft for 2 floors!
 10066 | Lair:5   | Reached skill level 10 in Shields
 10094 | Lair:5   | Found a runed door.
 10094 | Lair:5   | Found a viscous altar of Jiyva.
 10097 | Lair:5   | Found a staircase to the Slime Pits.
 10097 | Lair:5   | Noticed an azure jelly
 10168 | Lair:5   | Reached skill level 10 in Armour
 10799 | Lair:6   | Entered Level 6 of the Lair of Beasts
 10839 | Lair:6   | Noticed a dire elephant
 10856 | Lair:6   | Reached skill level 14 in Axes
 10879 | Lair:6   | Killed a dire elephant
 10934 | Lair:6   | Reached XP level 13. HP: 69/121 MP: 9/9
 11859 | Lair:4   | Found a staircase to the Snake Pit.
 12044 | Lair:4   | Found a transporter.
 12044 | Lair:4   | Noticed a dire elephant
 12078 | Lair:4   | Reached ***** piety under Makhleb
 12100 | Lair:4   | Found a transporter.
 12105 | Lair:4   | Noticed Shaidar's ghost (journeyman MiBe)
 12518 | Lair:3   | Reached skill level 10 in Invocations
 13455 | D:8      | Killed SpeedVeins's ghost
 13512 | D:9      | Killed Erolcha
 13630 | D:10     | Entered Level 10 of the Dungeon
 13645 | D:10     | Found a glowing silver altar of Zin.
 13833 | D:10     | Reached skill level 15 in Axes
 13976 | D:10     | Found Oziuxa's Armour Boutique.
 14047 | D:10     | Found Omoim's Gadget Emporium.
 14497 | D:11     | Found a flagged portal.
 14510 | D:11     | You fall through a shaft for 2 floors!
 14654 | D:11     | Gained mutation: You resist negative energy. (rN+) [Deep
                  | Dwarf growth]
 14654 | D:11     | Reached XP level 14. HP: 130/130 MP: 12/12
 14687 | Bailey   | Entered a bailey
 14798 | Bailey   | Found an iron altar of Okawaru.
 15010 | D:11     | Reached skill level 10 in Fighting
 15482 | D:12     | Got a pitted whip
 15483 | D:12     | Identified the +3 whip "Vatuuje" {protect, rF+ rN+} (You
                  | found it on level 12 of the Dungeon)
 15556 | D:12     | Identified the Papyrus of the Snowflakes
 15795 | D:12     | Reached ****** piety under Makhleb
 15944 | D:12     | Found a runed door.
 15949 | D:12     | Noticed oberejnoburuli's ghost (journeyman DECj)
 16040 | D:12     | Killed oberejnoburuli's ghost
 16198 | D:13     | Paralysed by a hornet for 2 turns
 16285 | D:13     | Got a faintly glowing scale mail
 16296 | D:13     | Identified the +3 scale mail of the Leaf {rN+} (You found
                  | it on level 13 of the Dungeon)
 16921 | D:14     | Reached skill level 16 in Axes
 16951 | D:14     | Found a gate to the Vaults.
 16951 | D:14     | Noticed an ironheart preserver
 16967 | D:14     | Killed an ironheart preserver
 17062 | D:14     | Found a glowing silver altar of Zin.
 17361 | D:15     | Entered Level 15 of the Dungeon
 18377 | D:15     | Found a staircase to the Depths.
 18572 | Orc:1    | Entered Level 1 of the Orcish Mines
 18781 | Orc:1    | Found a roughly hewn altar of Beogh.
 18781 | Orc:1    | Found a transporter.
 18927 | Orc:1    | Noticed an orc warlord
 18944 | Orc:1    | Killed an orc warlord
 18944 | Orc:1    | Reached XP level 15. HP: 47/140 MP: 14/14
 18978 | Orc:1    | Found a shimmering altar of Xom.
 19006 | Orc:1    | Found a transporter.
 19340 | Orc:2    | Entered Level 2 of the Orcish Mines
 19358 | Orc:2    | Found a roughly hewn altar of Beogh.
 19368 | Orc:2    | Found a roughly hewn altar of Beogh.
 19764 | Orc:2    | Found a roughly hewn altar of Beogh.
 19790 | Orc:2    | Found a roughly hewn altar of Beogh.
 19883 | Orc:2    | Found a roughly hewn altar of Beogh.
 19883 | Orc:2    | Found Jukog's Gadget Shop.
 19890 | Orc:2    | Reached skill level 17 in Axes
 19983 | Orc:2    | Noticed an orc warlord
 20008 | Orc:2    | Killed an orc warlord
 20049 | Orc:2    | Found Civ Qeumugy's Antique Weapon Emporium.
 20049 | Orc:2    | Found a roughly hewn altar of Beogh.
 20051 | Orc:2    | Found Jemuraoth's Antique Armour Shoppe.
 20063 | Orc:2    | Bought a jacinth-encrusted chain mail for 304 gold pieces
 20073 | Orc:2    | Identified the cursed +0 chain mail "Hocsomelest" {rC++
                  | Dex-3} (You bought it in a shop on level 2 of the Orcish
                  | Mines)
 20277 | Orc:2    | Found a staircase to the Elven Halls.
 20362 | Orc:2    | Found a roughly hewn altar of Beogh.
 20362 | Orc:2    | Found Loukkeg's Magic Scroll Emporium.
 20382 | Orc:2    | Bought a scroll of identify for 34 gold pieces
 20382 | Orc:2    | Bought a scroll of identify for 34 gold pieces
 20382 | Orc:2    | Bought a scroll of identify for 34 gold pieces
 20774 | Swamp:1  | Entered Level 1 of the Swamp
 20976 | Swamp:1  | Noticed Kirke
 20991 | Swamp:1  | Killed Kirke
 21355 | Orc:2    | Bought a glowing helmet for 240 gold pieces
 23408 | Swamp:4  | Entered Level 4 of the Swamp
 23517 | Swamp:4  | Identified the +4 broad axe of Pain and Death {elec, rF-
                  | Str+2 Int+6 Stlth+}
 23524 | Swamp:4  | Identified the +3 spear "Ywnaw" {pierce, rPois MR++ Str+2
                  | Int-3}
 23528 | Swamp:4  | Noticed P0WERM0DE's ghost (journeyman DDFi)
 23621 | Swamp:4  | Reached XP level 16. HP: 151/151 MP: 15/15
 23635 | Swamp:4  | Noticed Louise
 23670 | Swamp:4  | Killed Louise
 23780 | Swamp:4  | Reached skill level 18 in Axes
 23932 | Swamp:4  | Noticed a thorn hunter
 23949 | Swamp:4  | Killed a thorn hunter
 24091 | Swamp:4  | Paralysed by a hornet for 2 turns
 24160 | Swamp:4  | Got a decaying rune of Zot
 24394 | Swamp:4  | Found a transporter.
 24401 | Swamp:4  | Found a bloodstained altar of Trog.
 24409 | Swamp:4  | Found a transporter.
 24410 | Swamp:4  | Identified the cursed +0 rapier "Eviscerator" {antimagic,
                  | rN+++ Str-4 Dex+4}
 24634 | Lair:4   | Killed Shaidar's ghost
 24637 | Lair:4   | Got a scorched wooden ring
 24639 | Lair:4   | Identified the ring of the Middle {rF+ MR+ Int+4} (You
                  | found it on level 4 of the Lair of Beasts)
 24681 | Lair:4   | Reached XP level 17. HP: 129/162 MP: 16/16
 24747 | Snake:1  | Entered Level 1 of the Snake Pit
 24982 | Snake:1  | Found Tuudih's Jewellery Shop.
 24982 | Snake:1  | Found Doaboaze's Gadget Emporium.
 24983 | Snake:1  | Found Piac's Jewellery Shop.
 24998 | Snake:1  | Bought a +3 amulet of reflection for 235 gold pieces
 25453 | Snake:2  | Reached skill level 15 in Invocations
 25462 | Snake:2  | Killed from afar by a shock serpent

Vault maps used:
D:1:      minmay_arrival_three_doors
D:2:      lemuel_crystal_altar, first_ration
D:3:      lemuel_round_altar, grunt_decor_arrowhead
D:4:      elyvilon_altar_4
D:6:      minmay_temple_entry_mist
D:7:      minmay_s_stair_smasher, nicolae_ru_the_path_less_chosen,
          kennysheep_little_box, lemuel_coloured_pillars_altar,
          lemuel_doored_altar, basic_altar, grunt_ogre_cave
D:8:      tso_metal_star, yredelemnul_forgotten_temple_becter,
          gammafunk_temple_overflow_wave, lair_entry_dummy, ebering_ghost_xom,
          uniq_psyche, uniq_pikel
D:9:      david_orc_5, uniq_erolcha
D:10:     serial_shops, shop, kennysheep_mini, lemuel_statue_altar
D:11:     enter_bailey_6, minmay_fractal_squares_diagonal_5, uniq_maurice
D:12:     ebering_ghost_reflecting_pool, kennysheep_generic_room_10
D:14:     skrybe_vaults_entry_preservation, serial_glass, glass_columns_b,
          glass_columns_b, nicolae_lava_and_water, basic_altar,
          chequers_big_river
D:15:     gammafunk_enter_depths_forms, kennysheep_crisscross,
          serial_bayou_lagoon_b
Temple:   minmay_temple_curvy_loop
Lair:1:   lemuel_ratsnest, gammafunk_ghost_arena, chequers_serial_rivers_marsh
Lair:2:   palyth_hydra_swamp_entry, portal_ice_cave_entry_imps,
          beast_lair_carwin_8, grunt_megastairs_5, uniq_prince_ribbit2
Lair:3:   minivault_26
Lair:4:   guppyfry_snake_entry_island, gammafunk_ghost_berserking_beasts,
          grunt_megastairs_3
Lair:5:   slime_altar_2
Lair:6:   gammafunk_lair_ancient_temple
Swamp:1:  evilmike_swamp_ruin_rubble_2, uniq_kirke
Swamp:2:  evilmike_swamp_ruin_house_2, infiniplex_staircase_pool
Swamp:3:  evilmike_swamp_ruin_wall, swamp_pool4
Swamp:4:  swamp, gammafunk_ghost_wrathful_warriors, swamp_pool3,
          nicolae_swamp_snake_nest, uniq_louise
Snake:1:  cheibrodos_forgotten_conduit, lemuel_fruit_tree, minmay_shop_grove
Snake:2:  evilmike_ambush
Orc:1:    gammafunk_beogh_shrine, basic_altar
Orc:2:    grunt_orc_community_town_hall, grunt_orc_community_big_house_1,
          grunt_orc_community_big_house_1, grunt_orc_community_house_3,
          grunt_orc_community_house_1, grunt_orc_community_house_1,
          grunt_orc_community_house_1, mines2_david
Bailey:   bailey_axe_3, bailey

Skill      XL: |  1  2  3  4  5  6  7  8  9 10 11 12 13 14 15 16 17 |
---------------+----------------------------------------------------+-----
Axes           | 3 4 5 6 8 10 11 12 14 15 16 17 18 | 18.0
Fighting       | 3 4 5 6 7 8 9 10 11 12 13 | 13.2
Armour         | 4 5 6 7 8 9 10 11 12 13 14 | 14.5
Shields        | 4 5 6 7 8 9 10 11 12 13 14 | 14.5
Spellcasting   | 1 2 |  2.4
Invocations    | 2 4 7 9 10 12 13 14 15 | 15.0

Action                   |  1- 3 |  4- 6 |  7- 9 | 10-12 | 13-15 | 16-18 || total
-------------------------+-------+-------+-------+-------+-------+-------++-------
Melee: War axe           |   114 |   184 |   478 |    72 |       |       ||   848
       Whip              |       |     7 |    39 |     3 |     6 |       ||    55
       Broad axe         |       |       |       |   513 |  1249 |   330 ||  2092
       Dagger            |       |       |       |    20 |     8 |       ||    28
       Hand axe          |       |       |       |       |    17 |    99 ||   116
Invok: Lesser Servant of |       |       |       |    13 |    11 |       ||    24
       Greater Servant o |       |       |       |       |       |     2 ||     2
 Abil: Heal Wounds       |       |     5 |    21 |    23 |     9 |     4 ||    62
       Evoke Flight      |       |       |       |       |     2 |       ||     2
Evoke: Wand              |       |     2 |       |       |       |       ||     2
  Use: Scroll            |       |       |       |    12 |    19 |     4 ||    35
       Potion            |       |       |       |     1 |     2 |     2 ||     5
 Stab: Invisible         |       |       |       |     1 |       |       ||     1
       Distracted        |       |       |       |     1 |     5 |     2 ||     8
  Eat: Chunk             |       |     4 |    13 |    18 |    22 |     3 ||    60
       Ration            |       |       |       |       |     6 |     1 ||     7
Armor: Scale mail        |    64 |    83 |    81 |       |       |       ||   228
       Chain mail        |       |       |   124 |   162 |   349 |   130 ||   765
       Skin              |       |       |       |    11 |       |       ||    11
       Plate armour      |       |       |       |       |    68 |    60 ||   128
Dodge: Dodged            |    37 |    59 |   115 |   149 |   386 |   131 ||   877
Block: Shield            |    82 |   114 |   270 |   346 |   747 |   292 ||  1851
       Reflection        |       |       |       |       |       |     4 ||     4

Table legend:
 A = Non-vault XP
 B = Vault XP
 C = Vault XP percentage of total XP
 D = Non-vault monster count
 E = Vault monster count
 F = Vault count percentage of total count
                 A         B        C        D         E       F
            +---------+---------+-------+---------+---------+-------
      Total |  132001 |   82474 |  38.5 |     723 |     325 |  31.0
            +---------+---------+-------+---------+---------+-------
        D:1 |      62 |       0 |   0.0 |      26 |       0 |   0.0
        D:2 |     132 |       0 |   0.0 |      34 |       0 |   0.0
        D:3 |      91 |       0 |   0.0 |      28 |       0 |   0.0
        D:4 |     656 |       0 |   0.0 |      28 |       0 |   0.0
        D:5 |    1339 |       0 |   0.0 |      40 |       0 |   0.0
        D:6 |    1065 |     176 |  14.2 |      22 |       3 |  12.0
        D:7 |     902 |     437 |  32.6 |      14 |       9 |  39.1
        D:8 |    3413 |    2157 |  38.7 |      30 |       5 |  14.3
        D:9 |    2695 |    1802 |  40.1 |      25 |      23 |  47.9
       D:10 |    5483 |       0 |   0.0 |      34 |       0 |   0.0
       D:11 |    2895 |    1368 |  32.1 |      25 |       4 |  13.8
       D:12 |    5548 |    1150 |  17.2 |      35 |       2 |   5.4
       D:13 |    9323 |       0 |   0.0 |      18 |       0 |   0.0
       D:14 |    2767 |    4583 |  62.4 |      14 |       9 |  39.1
       D:15 |   10199 |    3908 |  27.7 |      31 |      12 |  27.9
     Lair:1 |    2915 |     716 |  19.7 |      15 |      37 |  71.2
     Lair:2 |    2766 |    4411 |  61.5 |      19 |      30 |  61.2
     Lair:3 |    2419 |       0 |   0.0 |      10 |       0 |   0.0
     Lair:4 |    1586 |    3475 |  68.7 |       5 |       8 |  61.5
     Lair:5 |    7863 |       0 |   0.0 |      30 |       0 |   0.0
     Lair:6 |    3004 |    9430 |  75.8 |      13 |      26 |  66.7
    Swamp:1 |    5287 |    2288 |  30.2 |      16 |       4 |  20.0
    Swamp:2 |   10797 |       0 |   0.0 |      31 |       0 |   0.0
    Swamp:3 |    8277 |       0 |   0.0 |      25 |       0 |   0.0
    Swamp:4 |   14209 |   24911 |  63.7 |      38 |      38 |  50.0
    Snake:1 |   15540 |    5103 |  24.7 |      26 |      10 |  27.8
    Snake:2 |       0 |    3191 | 100.0 |       0 |       5 | 100.0
      Orc:1 |    5427 |    5251 |  49.2 |      49 |      16 |  24.6
      Orc:2 |    5341 |    7571 |  58.6 |      42 |      68 |  61.8
     Bailey |       0 |     546 | 100.0 |       0 |      16 | 100.0
            +---------+---------+-------+---------+---------+-------
